 Dungeon Crawl Stone Soup version 0.28-a0-612-gcfc00ec14d (webtiles) character file.

Game seed: 18408501550187579317

198 bande the Skirmisher (level 5, -4/33 HPs)
             Began as a Gargoyle Fighter on Oct 5, 2021.
             Slain by an ogre (12 damage)
             ... on level 4 of the Dungeon.
             The game lasted 00:05:04 (2865 turns).

bande the Skirmisher (Gargoyle Fighter)             Turns: 2865, Time: 00:05:04

Health: -4/33      AC: 11    Str: 21    XL:     5   Next: 76%
Magic:  5/5        EV:  9    Int: 14    God:
Gold:   130        SH:  4    Dex:  9    Spells: 3/4 levels left

rFire   . . .      SeeInvis .   a - +1 war axe
rCold   . . .      Faith    .   c - +0 buckler
rNeg    + . .      Spirit   .   b - +0 scale mail
rPois   ∞          Reflect  .   (no helmet)
rElec   +          Harm     .   (no cloak)
rCorr   .          Rampage  .   (no gloves)
Will    .....                   (no boots)
Stlth   ..........              (no amulet)
HPRegen 0.11/turn               f - +6 ring of intelligence
MPRegen 0.09/turn               (no ring)

@: no status effects
A: sickness immunity, AC +4, negative energy resistance 1, electricity
resistance, torment resistance 1, petrification resistance
a: no special abilities


You were on level 4 of the Dungeon.
You visited 1 branch of the dungeon, and saw 4 of its levels.

You collected 130 gold pieces.

Inventory:

Hand Weapons
 a - a +1 war axe (weapon)
Armour
 b - a +0 scale mail (worn)
 c - a +0 buckler (worn)
 i - a +1 tower shield
Jewellery
 f - a +6 ring of intelligence (left hand)
Scrolls
 k - a scroll of identify {unknown}
Potions
 d - a potion of might
 e - a potion of degeneration {unknown}
 g - a potion of magic {unknown}
 h - a potion of attraction {unknown}
 j - a potion of heal wounds {unknown}
 l - a potion of flight {unknown}
 m - a potion of haste {unknown}


   Skills:
 + Level 4.1 Fighting
 + Level 3.9 Axes
 + Level 3.8 Armour
 + Level 3.7 Shields
 * Level 1.2 Translocations


You had 3 spell levels left.
You knew the following spells:

 Your Spells              Type           Power      Damage    Failure   Level
a - Apportation           Tloc           6%         N/A       43%         1

Your spell library contained the following spells:

 Spells                   Type           Power      Damage    Failure   Level
 Animate Skeleton         Necr           0%         N/A       61%         1
 Summon Small Mammal      Summ           0%         N/A       61%         1
 Ensorcelled Hibernation  Hex/Ice        0%         N/A       75%         2
 Tukima's Dance           Hex            0%         N/A       93%         3


Dungeon Overview and Level Annotations

Branches:
Dungeon (4/15)
 Temple: D:4-7

Altars:
Wu Jian


Innate Abilities, Weirdness & Mutations

You are immune to sickness and miasma.
Your stone body is resilient. (AC +4)
You are immune to poison.
You resist negative energy. (rN+)
You are resistant to electric shocks. (rElec)
You are resistant to unholy torment.
You are immune to petrification.


Message History

The jelly is moderately wounded.
The jelly hits you but does no damage. x2
You hit the jelly.
Your hands burn!
The jelly is heavily wounded.
The jelly hits you but does no damage.
You hit the jelly but do no damage. The acid corrodes you!
Your hands burn!
The jelly is heavily wounded.
The jelly barely misses you.
You hit the jelly.
Your hands burn!
The jelly is severely wounded.
The jelly barely misses you. The jelly hits you. The acid corrodes you!
You are splashed with acid!
* * * LOW HITPOINT WARNING * * *
You are too injured to fight recklessly!
You are too injured to fight recklessly!
You are too injured to fight recklessly!
You are too injured to fight recklessly!
You hit the jelly but do no damage.
Your hands burn!
* * * LOW HITPOINT WARNING * * *
The jelly is severely wounded.
The jelly hits you but does no damage.
You slash the jelly!
You kill the jelly!
You start resting.
You are no longer corroded.
You start resting.
You start resting.
You start resting.
An ogre comes into view. It is wielding a +0 giant club.
The ogre shouts!
You closely miss the ogre. You block the ogre's attack.
You slash the ogre!
The ogre is heavily wounded.
The ogre hits you with a +0 giant club!!
Ouch! That really hurt!
* * * LOW HITPOINT WARNING * * *
You barely miss the ogre.
The ogre is heavily wounded.
The ogre hits you with a +0 giant club!
You die...

#. #.# ##
.###.#<.#
..#.#!.# .##
#.#....
#...#...#.#
##........##.#
........(....#
########..#.#
#.....@O....#
#.##########..#
####'#### .#
#.......#
#.......#
#.......#
####'#### #.#
#####.#


You could see an ogre.

Vanquished Creatures
  A jelly (D:4)
  7 gnolls
  3 adders
  A worm (D:2)
  3 dart slugs
  An orc (D:3)
  7 bats
  An endoplasm (D:3)
  5 giant cockroaches
  3 goblins
  5 hobgoblins
  6 jackals
  8 kobolds
  2 quokkas (D:3)
  3 ball pythons
  4 frilled lizards
  9 rats
69 creatures vanquished.

Vanquished Creatures (collateral kills)
  A jackal (D:3)
1 creature vanquished.

Vanquished Creatures (others)
  64 plants (D:1)
64 creatures vanquished.

Grand Total: 134 creatures vanquished

Notes
Turn   | Place    | Note
-------+----------+-------------------------------------------
     0 | D:1      | bande the Gargoyle Fighter began the quest for the Orb.
     0 | D:1      | Reached XP level 1. HP: 14/14 MP: 1/1
   161 | D:1      | Reached XP level 2. HP: 17/19 MP: 2/2
   390 | D:1      | Reached XP level 3. HP: 24/24 MP: 3/3
   637 | D:1      | Found a faded altar of an unknown god.
   944 | D:2      | Learned a level 1 spell: Apportation
  1025 | D:2      | Reached XP level 4. HP: 20/29 MP: 4/4
  2002 | D:3      | Reached XP level 5. HP: 29/33 MP: 5/5
  2091 | D:3      | Reached skill level 4 in Fighting
  2127 | D:3      | Found an ornate altar of the Wu Jian Council.
  2439 | D:4      | Reached skill level 1 in Translocations
  2861 | D:4      | Noticed an ogre
  2865 | D:4      | Slain by an ogre

Illustrated notes

Levels and vault maps discovered:
D:1:      roderic_crop_circles_arrival_small, layout_loops_cross,
          basic_ecumenical_altar
D:2:      layout_loops_corners
D:3:      layout_rooms, nicolae_wu_jian_immortal_techniques,
          chequers_serial_rivers_room_a
D:4:      corexii_shack_village, layout_basic, minmay_curled_crystal, uniq_pikel

Skill      XL: |  1  2  3  4  5 |
---------------+----------------+-----
Axes           | 2 3 |  3.9
Fighting       | 4 |  4.1
Translocations | 1 |  1.2
Armour         | |  3.8
Shields        | |  3.7

Action                   |  1- 3 |  4- 6 || total
-------------------------+-------+-------++-------
Melee: War axe           |    84 |    98 ||   182
  Use: Scroll            |     1 |     3 ||     4
Armor: Scale mail        |    63 |    43 ||   106
Dodge: Dodged            |    47 |    49 ||    96
Block: Buckler           |    13 |    27 ||    40

Table legend: (Time is in decaauts)
 A = Elapsed time spent in this place.
 B = Non-inter-level travel time spent in this place.
 C = Inter-level travel time spent in this place.
 D = Time resting spent in this place.
 E = Time spent auto-exploring this place.
 F = Levels seen in this place.
 G = Mean time per level.
                   A        B        C        D        E       F      G
               +--------+--------+--------+--------+--------+-----+--------+
         Total |   2931 |   2923 |      8 |    375 |   1919 |   4 |  732.8 |
       Dungeon |   2931 |   2923 |      8 |    375 |   1919 |   4 |  732.8 |
               +--------+--------+--------+--------+--------+-----+--------+

Top non-repeatable levels by time:
     D:2: 1080 daAuts
     D:1: 851 daAuts
     D:3: 524 daAuts
     D:4: 475 daAuts
